 Dungeon Crawl Stone Soup version 0.18.1-48-g4cf74bf (webtiles) character file.

95930 kobby the Nimble (level 15, -7/108 HPs)
             Began as a Demonspawn Gladiator on June 30, 2016.
             Was an Elder of Yredelemnul.
             Killed from afar by a shock serpent (12 damage)
             ... with a bolt of electricity
             ... on level 2 of the Snake Pit on July 1, 2016.
             The game lasted 03:25:36 (25541 turns).

kobby the Nimble (Demonspawn Gladiator)            Turns: 25541, Time: 03:25:51

Health: -7/108     AC: 23    Str: 26    XL:     15   Next: 67%
Magic:  0/24       EV: 19    Int: 12    God:    Yredelemnul [****..]
Gold:   1548       SH:  5    Dex: 16    Spells: 1 memorised, 15 levels left

rFire  . . .     SeeInvis .     C - +3 war axe (elec)
rCold  . . .     Gourm    .     b - +5 ring mail "Jilopacw" {rN+ Int+4 Dex+2}
rNeg   + . .     Faith    .     S - +0 buckler
rPois  +         Spirit   +     f - +2 helmet
rElec  .         Dismiss  .     N - +0 cloak
rCorr  .         Reflect  .     (gloves unavailable)
SustAt .         Harm     .     L - +2 pair of boots
MR     ++...                    g - amulet of guardian spirit
Stlth  +++.......               G - +5 ring of strength
                                B - ring of poison resistance

@: about to teleport, very slightly contaminated, very resistant to hostile
enchantments, fairly stealthy
A: claws 3, hooves 1, molten scales 2, dopey 1, frail 1, magic resistance 1,
powered by pain 2, spiny 2
a: Recall Undead Slaves, Injury Mirror, Animate Dead, Drain Life, Renounce
Religion


You were on level 2 of the Snake Pit.
You worshipped Yredelemnul.
Yredelemnul was greatly pleased with you.
You were not hungry.

You visited 3 branches of the dungeon, and saw 25 of its levels.

You collected 1899 gold pieces.
You spent 351 gold pieces at shops.

Inventory:

Hand Weapons
 o - a +3 battleaxe of flaming
 r - a +3 scimitar of flaming
 C - a +3 war axe of electrocution (weapon)
 I - the +6 quarterstaff "Ixtauwk" {elec, rC+}
   (You bought it in a shop on level 1 of the Snake Pit)

   Occasionally, upon striking a foe, it will discharge some electrical energy
   and cause terrible harm.
   It protects you from cold.
 Z - the +7 mace of the Globe {freeze, Int+2 Dex+3}
   (You found it on level 5 of the Lair of Beasts)

   It has been specially enchanted to freeze those struck by it, causing extra
   injury to most foes and up to half again as much damage against particularly
   susceptible opponents.
   It can also slow down cold-blooded creatures.
   It affects your intelligence (+2).
   It affects your dexterity (+3).
Armour
 b - the +5 ring mail "Jilopacw" (worn) {rN+ Int+4 Dex+2}
   (You found it on level 4 of the Dungeon)

   It affects your intelligence (+4).
   It affects your dexterity (+2).
   It protects you from negative energy.
 f - a +2 helmet (worn)
 L - a +2 pair of boots (worn)
 N - a +0 cloak (worn)
 O - the +1 robe of Mysticism {Dex+4}
   (You found it on level 4 of the Lair of Beasts)

   It affects your dexterity (+4).
 S - a +0 buckler (worn)
Jewellery
 g - an amulet of guardian spirit (around neck)
 i - an uncursed ring of protection from magic
 y - an uncursed ring of sustain attributes
 B - a ring of poison resistance (left claw)
 D - an uncursed ring of protection from fire
 G - a +5 ring of strength (right claw)
Wands
 a - a wand of paralysis (7/24)
 c - a wand of lightning (9/15)
 j - a wand of heal wounds (0/9)
 l - a wand of digging (8/24)
 s - a wand of lightning (0/15)
 u - a wand of acid (0/15)
 z - a wand of polymorph (8/24)
 W - a wand of digging (14/24)
 X - a wand of teleportation (2/9)
Scrolls
 d - a scroll of summoning
 h - 11 scrolls of remove curse
 v - 3 scrolls of fear
 w - 2 scrolls of silence
 x - 3 scrolls of teleportation
 F - a scroll of amnesia
 H - a scroll of identify
 J - a scroll of magic mapping
Potions
 m - a potion of resistance
 q - 2 potions of magic
 t - a potion of agility
 K - a potion of cure mutation
 M - 4 potions of flight
 Q - a potion of cancellation
 R - 6 potions of might
Books
 e - a book of the Tempests

   Spells                             Type                      Level
   a - Static Discharge               Conjuration/Air              3
   b - Lightning Bolt                 Conjuration/Air              5
   c - Fireball                       Conjuration/Fire             5
   d - Tornado                        Air                          9
   e - Shatter                        Earth                        9
Miscellaneous
 P - a phial of floods
 Y - a phantom mirror
Comestibles
 k - 2 meat rations
 p - 16 bread rations


   Skills:
 + Level 11.9 Fighting
 + Level 12.1(12.5) Axes
 + Level 5.8(9.8) Maces & Flails
 + Level 1.9 Throwing
 + Level 9.2 Armour
 + Level 12.8 Dodging
 + Level 8.2 Stealth
 + Level 3.6 Shields
 + Level 1.4 Spellcasting
 + Level 1.2 Summonings
 + Level 12.0 Invocations
 + Level 3.9 Evocations


You had 15 spell levels left.
You knew the following spells:

 Your Spells              Type           Power        Failure   Level  Hunger
a - Summon Butterflies    Summ           #.......     28%         1    ##.....


Dungeon Overview and Level Annotations

Branches:
Dungeon (15/15)            Temple (0/1) D:6            Lair (8/8) D:11
  Swamp (0/4) Lair:4        Snake (2/4) Lair:5        Slime (0/6) Lair:8
    Orc (0/2) D:9          Vaults (0/5) D:13
 Depths: D:15

Altars:
Ashenzari
Cheibriados
Fedhas
Nemelex Xobeh
Okawaru
Ru
Sif Muna
Yredelemnul
The Shining One
Jiyva

Shops:
D:8 !   D:13 :   Snake:1 (

Portals:
Trove: D:11 (show abyssal rune of Zot)

Annotations:
D:12 exclusion: 2 statues
Lair:3 exclusion: ice statue
Snake:2 Saint Roka


Innate Abilities, Weirdness & Mutations

You have claws for hands.
You are mostly covered in molten scales (AC +3, EV -1).
You sometimes gain power by taking damage.
You are mostly covered in sharp spines.
You have large cloven feet.
You are dopey. (Int -2)
You are frail (-10% HP).
You are resistant to hostile enchantments.


Message History

Your phantasmal warrior blinks!
Something hits your black mamba zombie but does no damage.
Yredelemnul accepts your kill.
You feel a bit more experienced.
Something hits your black mamba zombie!!
Your black mamba zombie is destroyed!
You slash the shock serpent!
The shock serpent is severely wounded.
The shock serpent's electric aura discharges, shocking you!
* * * LOW HITPOINT WARNING * * *
The shock serpent is struck by your spines.
The shock serpent closely misses you.
The shock serpent's electric aura discharges, shocking you!
* * * LOW HITPOINT WARNING * * *
The shock serpent shoots out a bolt of lightning at you!
The bolt of electricity hits you!
* * * LOW HITPOINT WARNING * * *
The bolt of electricity hits you!
You die...
Your body rises from the dead as a mindless zombie.

#.## ##W# ##..###(.####
#....#)n)Z..## ####
#....#Z(Z##..##
##..###.#..#ZZ(.....#
##.......#####ZZ###.##.
#........#...#.##....#.#
####.......Z............#..
##.......)S@.##.....#...####
#.).#.........###..######..#
#.##...#Z..Z....(..##.#........
#.....S#.Z..........#.........#
######n##Z###.#####.####.......Z
#.h.oo))....###...n....#........
#...oo.oZ....#...n.....##...###n
....oh.o......#..........#####...
.#............#.........##..[....


You could see a shock serpent, 2 friendly naga zombies, a friendly naga zombie
and 2 friendly naga zombies.

Vanquished Creatures
  Nikola (Snake:1)
  Rupert (D:14)
  Maud (Lair:8)
  A vault guard (D:13)
  5 hydras
  4 anacondas (Snake:1)
  The ghost of Malvoorn the Fighter, a novice DsWz of Vehumet (D:9)
  3 death yaks (Lair:7)
  3 skeletal warriors
  A fire crab (Lair:8)
  2 unseen horrors
  A wizard (D:15)
  2 naga ritualists (Snake:1)
  A hill giant (D:11)
  2 mana vipers (Snake:1)
  A manticore (D:11)
  3 griffons
  A cyclops (D:13)
  A deep elf mage (D:15)
  4 ugly things
  2 centaur zombies
  3 salamanders
  4 elephants
  16 black mambas
  3 naga magi
  A torpor snail (Lair:8)
  3 guardian serpents
  A centaur skeleton (D:14)
  A gargoyle (D:15)
  6 spiny frogs
  2 kobold demonologists
  An efreet (D:15)
  A yaktaur (D:15)
  7 komodo dragons
  5 polar bears (Lair:8)
  A two-headed ogre (shapeshifter) (D:14)
  5 trolls
  A giant leech (Lair:4)
  Grinder (D:6)
  4 blink frogs
  Sigmund (D:3)
  8 spriggans (Lair:8)
  7 redbacks (Lair:8)
  2 wyverns
  A shadow (D:13)
  23 yaks
  4 wraiths
  8 hippogriffs
  A hungry ghost (D:10)
  Eustachio (D:6)
  A vampire mosquito (D:13)
  Menkaure (D:6)
  2 soldier ants
  13 nagas
  A warg (Snake:2)
  19 water moccasins
  11 porcupines
  5 ice beasts
  9 orc warriors
  5 sky beasts
  7 black bears (Lair:8)
  A necrophage (D:14)
  2 phantoms
  A hell rat (Lair:7)
  3 wasps
  8 ogres
  3 boggarts (D:14)
  10 centaurs
  39 wolves
  8 crocodiles
  4 big kobolds
  14 giant frogs
  4 scorpions
  19 killer bees
  11 wights
  5 electric eels
  4 howler monkeys
  6 crimson imps
  A gnoll shaman (D:4)
  4 orc priests
  4 hounds
  2 giant frog skeletons
  10 orc wizards
  Natasha (D:3)
  8 iguanas
  11 worker ants
  Terence (D:3)
  12 sheep
  A killer bee zombie (D:10)
  A hound skeleton (D:7)
  A worker ant zombie (D:5)
  10 gnolls
  An orc zombie (D:9)
  16 river rats
  19 adders
  4 shadow imps
  2 white imps (Lair:3)
  An adder zombie (D:9)
  An adder skeleton (D:9)
  2 worms
  2 dart slugs
  8 giant geckos
  43 orcs
  3 ball pythons
  4 giant cockroaches
  4 goblins
  5 hobgoblins
  11 jackals
  22 kobolds
  6 quokkas
  8 bats
  3 giant newts
  2 goblin skeletons (D:6)
  2 goblin zombies (D:6)
  A hobgoblin zombie (D:6)
  3 kobold skeletons (D:6)
  A quokka skeleton (D:5)
  9 rats
  8 fungi
  A plant (D:11)
638 creatures vanquished.

Vanquished Creatures (collateral kills)
  Aizul (Snake:1)
  The ghost of Krapule the Fighter, a journeyman MiFi of the Shining One (D:13)
  Josephine (Lair:6)
  A hydra (Lair:5)
  An ice dragon (Lair:8)
  2 centaur warriors
  An anaconda (Snake:1)
  5 death yaks
  4 naga sharpshooters
  A shock serpent (Snake:2)
  5 skeletal warriors
  A salamander mystic (Snake:2)
  A deep elf mage (D:14)
  A lindwurm (Lair:7)
  2 hill giants (D:11)
  A mana viper (Snake:1)
  A wizard (D:14)
  8 ugly things (D:14)
  2 griffons
  4 salamanders
  A manticore (D:15)
  5 elephants
  5 black mambas
  A spriggan druid (Lair:8)
  A naga mage (Snake:2)
  2 spiny frogs
  3 komodo dragons
  A freezing wraith (Lair:3)
  A harpy zombie (D:15)
  6 polar bears (Lair:8)
  A troll (D:10)
  A two-headed ogre (D:13)
  A giant leech (Lair:4)
  5 blink frogs
  18 yaks
  A wraith (Lair:6)
  6 spriggans (Lair:8)
  A redback (Lair:8)
  2 basilisks
  2 vampire mosquitoes (D:14)
  A hippogriff (Lair:1)
  A hungry ghost (D:12)
  A warg (Snake:2)
  10 nagas
  A mottled dragon (D:11)
  5 water moccasins
  A porcupine (Lair:2)
  2 orc warriors (Snake:2)
  4 black bears
  An eye of draining (D:12)
  2 phantoms
  4 wasps (Lair:8)
  5 ice beasts
  A sky beast (D:14)
  2 ogres
  2 centaurs
  2 boggarts (D:14)
  13 wolves
  A killer bee (D:11)
  6 crocodiles
  6 giant frogs
  A scorpion (D:11)
  A howler monkey (D:14)
  3 electric eels
  A wasp zombie (D:12)
  4 jellies
  3 orc priests
  An orc wizard (D:6)
  A worker ant (D:6)
  2 iguanas
  4 sheep
  12 adders
  14 river rats
  An ooze (Lair:8)
  13 orcs
  A jackal (D:11)
  A kobold (D:8)
  A goblin zombie (D:6)
  2 hobgoblin zombies (D:6)
  6 bushes
  3 butterflies (Lair:6)
  24 fungi
  18 plants
296 creatures vanquished.

Vanquished Creatures (others)
  2 guardian serpent zombies
  4 skeletal warriors
  An anaconda zombie (Snake:1)
  2 flayed ghosts
  A phantasmal warrior (Lair:8)
  A shock serpent zombie (Snake:2)
  A redback zombie (Lair:8)
  A troll (Snake:2)
  A hydra zombie (D:14)
  A polar bear (Lair:8)
  A black mamba skeleton (Snake:1)
  7 black mamba zombies
  2 flying skulls
  5 wraiths
  A hill giant zombie (D:11)
  3 vampires
  4 elephant zombies
  An elf zombie (D:15)
  5 killer bee zombies
  A hippogriff zombie (D:15)
  2 komodo dragon zombies (Lair:8)
  A salamander zombie (Snake:2)
  A cyclops zombie (D:13)
  A wyvern zombie (D:13)
  3 water moccasin zombies
  6 yak zombies
  3 troll zombies
  3 polar bear zombies (Lair:8)
  3 spriggan zombies (Lair:8)
  A naga skeleton (Snake:1)
  A wight (Lair:2)
  14 wolf zombies
  3 giant frog zombies
  A black bear zombie (Lair:8)
  7 centaur zombies
  A wasp zombie (Lair:8)
  A kobold zombie (D:14)
  2 porcupine zombies
  4 naga zombies
  A crocodile zombie (D:11)
  A necrophage skeleton (D:14)
  2 ogre zombies
  2 mummies
  A howler monkey zombie (D:11)
  A worker ant zombie (D:12)
  A scorpion zombie (D:11)
  A river rat (Lair:5)
  An adder zombie (D:12)
  An iguana zombie (Lair:4)
  3 sheep zombies
  A gnoll zombie (D:6)
  A jackal zombie (D:10)
  An orc skeleton (D:7)
  6 orc zombies
  A quokka zombie (D:11)
  4 river rat zombies (Lair:1)
  A bush (Lair:5)
  13 fungi
  4 plants
150 creatures vanquished.

Grand Total: 1084 creatures vanquished

Notes
Turn   | Place    | Note
--------------------------------------------------------------
     0 | D:1      | kobby the Demonspawn Gladiator began the quest for the Orb.
     0 | D:1      | Reached XP level 1. HP: 16/16 MP: 1/1
   958 | D:1      | Gained mutation: You are partially covered in sharp spines. [demonic ancestry]
   958 | D:1      | Reached XP level 2. HP: 22/22 MP: 2/2
  1218 | D:2      | Gained mutation: You are partially covered in molten scales (AC +1). [demonic ancestry]
  1218 | D:2      | Reached XP level 3. HP: 27/27 MP: 3/3
  1454 | D:2      | Found a snail-covered altar of Cheibriados.
  1799 | D:2      | Reached skill level 1 in Armour
  1852 | D:3      | Gained mutation: You have sharp fingernails. [demonic ancestry]
  1852 | D:3      | Reached XP level 4. HP: 34/34 MP: 4/4
  1894 | D:3      | Found a sacrificial altar of Ru.
  1969 | D:3      | Found a glowing golden altar of the Shining One.
  1971 | D:3      | Noticed an angel
  1976 | D:3      | Found a basalt altar of Yredelemnul.
  1978 | D:3      | Noticed a profane servitor
  1983 | D:3      | Became a worshipper of Yredelemnul the Dark
  2100 | D:3      | Noticed Natasha
  2141 | D:3      | Noticed Sigmund
  2153 | D:3      | Killed Sigmund
  2153 | D:3      | Gained mutation: You sometimes gain a little power by taking damage. [demonic ancestry]
  2153 | D:3      | Reached XP level 5. HP: 23/40 MP: 5/5
  2233 | D:3      | Noticed Terence
  2240 | D:3      | Killed Terence
  2240 | D:3      | Reached XP level 6. HP: 31/47 MP: 6/6
  2518 | D:3      | Killed Natasha
  2576 | D:4      | Got a crude ring mail
  2659 | D:4      | Identified the +5 ring mail "Jilopacw" {rN+ Int+4 Dex+2} (You found it on level 4 of the Dungeon)
  3093 | D:5      | Entered Level 5 of the Dungeon
  3209 | D:5      | Reached skill level 1 in Stealth
  3278 | D:5      | Found a glowing golden altar of the Shining One.
  3318 | D:5      | Gained mutation: You are mostly covered in molten scales (AC +3, EV -1). [demonic ancestry]
  3318 | D:5      | Reached XP level 7. HP: 49/52 MP: 5/7
  3756 | D:4      | Reached skill level 5 in Axes
  4327 | D:6      | Reached * piety under Yredelemnul
  4378 | D:6      | Noticed Menkaure
  4384 | D:6      | Killed Menkaure
  4384 | D:6      | Gained mutation: You are mostly covered in sharp spines. [demonic ancestry]
  4384 | D:6      | Reached XP level 8. HP: 60/60 MP: 8/8
  4437 | D:6      | Found a staircase to the Ecumenical Temple.
  4479 | D:6      | Noticed Grinder
  4484 | D:6      | Paralysed by Grinder for 7 turns
  4491 | D:6      | Killed Grinder
  4491 | D:6      | Reached skill level 5 in Dodging
  4544 | D:6      | Found a glowing golden altar of the Shining One.
  4547 | D:6      | Noticed Eustachio
  4554 | D:6      | Reached skill level 1 in Evocations
  4561 | D:6      | Killed Eustachio
  4596 | D:6      | Found a glowing drain.
  4809 | D:6      | Found a shattered altar of Ashenzari.
  4817 | D:6      | Found an iron altar of Okawaru.
  4819 | D:6      | Found a blossoming altar of Fedhas.
  4950 | D:7      | Identified a scroll of acquirement
  5118 | D:7      | Reached skill level 5 in Armour
  5118 | D:7      | Reached skill level 1 in Invocations
  5231 | D:7      | Reached skill level 5 in Fighting
  5231 | D:7      | Reached XP level 9. HP: 60/68 MP: 7/9
  5348 | D:7      | Reached ** piety under Yredelemnul
  5373 | D:7      | Gained mutation: You are resistant to hostile enchantments. [potion of beneficial mutation]
  5388 | D:7      | Found a deep blue altar of Sif Muna.
  5821 | D:8      | Found Gumeghou's Distillery.
  6373 | D:9      | Reached *** piety under Yredelemnul
  6542 | D:9      | Noticed Malvoorn's ghost (novice DsWz)
  6555 | D:9      | Reached XP level 10. HP: 44/76 MP: 7/12
  6571 | D:9      | Killed Malvoorn's ghost
  6858 | D:9      | Found a staircase to the Orcish Mines.
  7741 | D:10     | Entered Level 10 of the Dungeon
  8008 | D:10     | Reached **** piety under Yredelemnul
  8015 | D:10     | Reached skill level 5 in Invocations
  8688 | D:11     | Reached XP level 11. HP: 84/84 MP: 14/14
  8719 | D:11     | Found a staircase to the Lair.
  8965 | D:11     | Noticed a hill giant
  8969 | D:11     | Received a gift from Yredelemnul
  8978 | D:11     | Killed a hill giant
  9017 | D:11     | Noticed a hill giant
  9027 | D:11     | Killed a hill giant
  9077 | D:11     | Received a gift from Yredelemnul
  9086 | D:11     | Found a portal to a secret trove of treasure.
  9150 | D:11     | Noticed a hill giant
  9164 | D:11     | Killed a hill giant
  9485 | Lair:1   | Entered Level 1 of the Lair of Beasts
  9827 | Lair:1   | Reached ***** piety under Yredelemnul
 10057 | Lair:1   | Noticed a six-headed hydra
 10065 | Lair:1   | Killed a six-headed hydra
 10585 | Lair:2   | Received a gift from Yredelemnul
 10732 | Lair:2   | Learned a level 1 spell: Summon Butterflies
 11410 | Lair:3   | Reached skill level 1 in Spellcasting
 11432 | Lair:3   | Gained mutation: You sometimes gain power by taking damage. [demonic ancestry]
 11432 | Lair:3   | Reached XP level 12. HP: 94/94 MP: 17/17
 11470 | Lair:3   | Reached skill level 1 in Summonings
 12222 | Lair:4   | Reached skill level 10 in Axes
 12385 | Lair:4   | Got a fine robe
 12397 | Lair:4   | Identified the +1 robe of Mysticism {Dex+4} (You found it on level 4 of the Lair of Beasts)
 12533 | Lair:4   | Found a staircase to the Swamp.
 12553 | Lair:4   | Received a gift from Yredelemnul
 12958 | Lair:4   | Noticed a five-headed hydra
 12975 | Lair:4   | Killed a five-headed hydra
 12979 | Lair:4   | Received a gift from Yredelemnul
 13121 | Lair:4   | Reached skill level 5 in Stealth
 13614 | Lair:5   | Found a staircase to the Snake Pit.
 13678 | Lair:5   | Reached skill level 10 in Dodging
 13721 | Lair:5   | Got a pitted mace
 13722 | Lair:5   | Identified the +7 mace of the Globe {freeze, Int+2 Dex+3} (You found it on level 5 of the Lair of Beasts)
 13735 | Lair:5   | Received a gift from Yredelemnul
 13742 | Lair:5   | Noticed a death yak
 13744 | Lair:5   | Noticed a death yak
 13747 | Lair:5   | Killed a death yak
 13749 | Lair:5   | Noticed a death yak
 13755 | Lair:5   | Killed a death yak
 13762 | Lair:5   | Killed a death yak
 14041 | Lair:5   | Noticed a five-headed hydra
 14050 | Lair:5   | Killed a five-headed hydra
 14454 | Lair:5   | Gained mutation: You have very sharp fingernails. [demonic ancestry]
 14454 | Lair:5   | Reached XP level 13. HP: 67/102 MP: 14/19
 14749 | Lair:6   | Received a gift from Yredelemnul
 14900 | Lair:6   | Reached skill level 1 in Maces & Flails
 14955 | Lair:6   | Reached ****** piety under Yredelemnul
 14987 | Lair:6   | Noticed Josephine
 14999 | Lair:6   | Killed Josephine
 15072 | Lair:6   | Received a gift from Yredelemnul
 15831 | Lair:7   | Reached skill level 10 in Fighting
 16462 | Lair:8   | Entered Level 8 of the Lair of Beasts
 16537 | Lair:8   | Noticed Maud
 16549 | Lair:8   | Killed Maud
 16776 | Lair:8   | Received a gift from Yredelemnul
 16814 | Lair:8   | Found a runed door.
 16815 | Lair:8   | Found a viscous altar of Jiyva.
 16817 | Lair:8   | Found a staircase to the Slime Pits.
 16901 | Lair:8   | Received a gift from Yredelemnul
 16933 | Lair:8   | Gained mutation: You expend magic power (3 MP) to strengthen your wands. [potion of mutation]
 16933 | Lair:8   | Gained mutation: You evolve. [potion of mutation]
 16950 | Lair:8   | Found a frozen archway.
 16987 | Lair:8   | Lost mutation: You expend magic power (3 MP) to strengthen your wands. [evolution]
 17158 | Lair:8   | Received a gift from Yredelemnul
 17166 | Lair:8   | Gained mutation: You have claws for hands. [demonic ancestry]
 17166 | Lair:8   | Reached XP level 14. HP: 92/111 MP: 16/21
 17245 | Lair:8   | Reached skill level 10 in Invocations
 17272 | Lair:8   | Received a gift from Yredelemnul
 17535 | Lair:8   | Gained mutation: You have large cloven feet. [evolution]
 17724 | Lair:8   | Received a gift from Yredelemnul
 18339 | D:11     | Reached skill level 1 in Shields
 18765 | D:12     | Received a gift from Yredelemnul
 19595 | D:13     | Noticed Krapule's ghost (journeyman MiFi)
 19609 | D:13     | Received a gift from Yredelemnul
 19620 | D:13     | Killed Krapule's ghost
 19738 | D:13     | Found Tommutoim's Book Boutique.
 20116 | D:13     | Received a gift from Yredelemnul
 20141 | D:13     | Found a gate to the Vaults.
 20761 | D:14     | Received a gift from Yredelemnul
 21001 | D:14     | Received a gift from Yredelemnul
 21096 | D:14     | Gained mutation: You are frail (-10% HP). [evolution]
 21227 | D:14     | Noticed Rupert
 21243 | D:14     | Killed Rupert
 21701 | D:15     | Entered Level 15 of the Dungeon
 21718 | D:15     | Reached XP level 15. HP: 107/107 MP: 23/23
 21872 | D:15     | Reached skill level 5 in Maces & Flails
 21916 | D:15     | Found a sparkling altar of Nemelex Xobeh.
 22385 | Snake:1  | Entered Level 1 of the Snake Pit
 23298 | Snake:1  | Noticed Aizul
 23313 | Snake:1  | Killed Aizul
 23346 | Snake:1  | Your ally Aizul died
 23624 | Snake:1  | Received a gift from Yredelemnul
 23861 | Snake:1  | Found Gycaynt's Antique Weapon Shop.
 23871 | Snake:1  | Bought a scorched quarterstaff for 351 gold pieces
 23871 | Snake:1  | Identified the +6 quarterstaff "Ixtauwk" {elec, rC+} (You bought it in a shop on level 1 of the Snake Pit)
 24336 | Snake:1  | Received a gift from Yredelemnul
 24391 | Snake:1  | Noticed Nikola
 24401 | Snake:1  | Killed Nikola
 25434 | Snake:2  | Gained mutation: You are dopey. (Int -2) [evolution]
 25434 | Snake:2  | Lost mutation: You evolve. [end of evolution]
 25444 | Snake:2  | Received a gift from Yredelemnul
 25515 | Snake:2  | Noticed Saint Roka
 25541 | Snake:2  | HP: 5/108 [shock serpent/bolt of electricity (12)]
 25541 | Snake:2  | Killed from afar by a shock serpent

Skill      XL: |  1  2  3  4  5  6  7  8  9 10 11 12 13 14 15 |
---------------+----------------------------------------------+-----
Axes           | 3 4 5 6 7 8 9 10 11 12 | 12.1
Dodging        | 3 4 6 7 8 9 10 11 12 | 12.8
Armour         | 1 2 3 4 5 6 7 8 9 |  9.2
Fighting       | 3 4 5 6 7 8 9 10 11 | 11.9
Stealth        | 1 2 3 4 5 6 7 8 |  8.2
Evocations     | 1 2 3 |  3.9
Invocations    | 1 3 5 6 8 9 11 12 | 12.0
Spellcasting   | 1 |  1.4
Summonings     | 1 |  1.2
Maces & Flails | 3 4 5 |  5.8
Shields        | 2 3 |  3.6
Throwing       | |  1.9

Action                   |  1- 3 |  4- 6 |  7- 9 | 10-12 | 13-15 || total
-------------------------+-------+-------+-------+-------+-------++-------
Melee: War axe           |    62 |    62 |    32 |       |    75 ||   231
       Battleaxe         |       |       |   174 |   476 |   209 ||   859
       Mace              |       |       |       |    42 |   488 ||   530
Throw: Throwing net      |       |     1 |       |       |       ||     1
 Cast: Summon Butterflie |       |       |       |     9 |       ||     9
Invok: Animate Remains   |       |       |    14 |       |       ||    14
       Animate Dead      |       |       |     3 |    47 |    74 ||   124
       Injury Mirror     |       |       |       |     2 |     6 ||     8
       Recall Undead Sla |       |       |       |     1 |     5 ||     6
Evoke: Wand              |       |     1 |    12 |    15 |    19 ||    47
       Sack of spiders   |       |       |       |       |     3 ||     3
  Use: Scroll            |     7 |     4 |    12 |    18 |    21 ||    62
       Potion            |     4 |     2 |     7 |     8 |    19 ||    40
 Stab: Distracted        |       |       |     1 |     5 |    21 ||    27
       Sleeping          |       |       |       |     7 |    20 ||    27
       Invisible         |       |       |       |       |     1 ||     1
       Paralysed         |       |       |       |       |     1 ||     1
  Eat: Bread ration      |     1 |     1 |       |       |     2 ||     4
       Meat ration       |       |       |     3 |     4 |       ||     7
       Fruit             |       |       |       |    11 |    15 ||    26
       Beef jerky        |       |       |       |       |    11 ||    11
       Pizza             |       |       |       |       |     5 ||     5
Armor: Leather armour    |    13 |     1 |       |       |       ||    14
       Ring mail         |       |    15 |   110 |   197 |   344 ||   666
       Chain mail        |       |     2 |       |       |       ||     2
Dodge: Dodged            |    38 |    35 |   142 |   411 |   705 ||  1331
Block: Buckler           |       |       |       |       |   124 ||   124
